 Dungeon Crawl Stone Soup version 0.27-a0-1193-g8631133539 (webtiles) character file.

Game seed: 13439929887070472583

5262 howech the Cruncher (level 10, -8/88 HPs)
             Began as a Minotaur Gladiator on May 25, 2021.
             Was a Priest of Cheibriados.
             Killed from afar by Erica (10 damage)
             ... with an iceblast
             ... on level 8 of the Dungeon.
             The game lasted 00:22:08 (8472 turns).

howech the Cruncher (Minotaur Gladiator)            Turns: 8472, Time: 00:22:10

Health: -8/88      AC: 15    Str: 30    XL:     10   Next: 36%
Magic:  11/11      EV: 15    Int: 12    God:    Cheibriados [***...]
Gold:   462        SH:  0    Dex: 25    Spells: 9/9 levels left

rFire    . . .     SeeInvis .   b - +10 long sword of the Establishment {elec, Stlth+}
rCold    . . .     Faith    .   (no shield)
rNeg     . . .     Spirit   .   j - +0 chain mail
rPois    .         Reflect  .   E - +0 hat
rElec    .         Harm     .   (no cloak)
rCorr    .         Rampage  .   d - +0 pair of gloves
Will     .....                  (no boots)
Stlth    ..........             (no amulet)
HPRegen  0.24/turn              i - +4 ring of protection
MPRegen  0.12/turn              s - ring "Tonoklil" {Str+4 Dex+6 Slay+3}

@: lethally poisoned (-8 -> -15), very slow
A: horns 2, retaliatory headbutt
a: Renounce Religion, Bend Time, Temporal Distortion


You were on level 8 of the Dungeon.
You worshipped Cheibriados.
Cheibriados was most pleased with you.
You visited 2 branches of the dungeon, and saw 9 of its levels.

You collected 462 gold pieces.

Inventory:

Hand Weapons
 a - a +0 quarterstaff
 b - the +10 long sword of the Establishment (weapon) {elec, Stlth+}
   (You took it off Maggie on level 8 of the Dungeon)

   Occasionally, upon striking a foe, it can discharge electrical energy and
   cause terrible harm.
   It makes you more stealthy.
 c - a +1 broad axe
Missiles
 g - 10 poisoned darts (quivered)
 C - 2 throwing nets
Armour
 d - a +0 pair of gloves (worn)
 j - a +0 chain mail (worn)
 E - a +0 hat (worn)
 F - +0 acid dragon scales
Jewellery
 f - a ring of ice
 i - a +4 ring of protection (left hand)
 s - the ring "Tonoklil" (right hand) {Str+4 Dex+6 Slay+3}
   (You found it on level 4 of the Dungeon)

   [ring of dexterity]

   It affects your strength (+4).
   It affects your dexterity (+6).
   It affects your accuracy and damage with ranged weapons and melee attacks
   (+3).
 y - an amulet of magic regeneration
Wands
 n - a wand of paralysis (20)
 D - a wand of charming (3)
Scrolls
 k - 2 scrolls of vulnerability {unknown}
 o - 4 scrolls of identify
 q - a scroll of immolation {unknown}
 r - 3 scrolls of amnesia
 u - a scroll of noise {unknown}
 v - a scroll of fear {unknown}
 w - a scroll of brand weapon {unknown}
 A - a scroll of enchant weapon
 B - a scroll of fog
Potions
 e - 2 potions of heal wounds {unknown}
 h - a potion of resistance {unknown}
 l - a potion of might
 m - a potion of flight
 p - 2 potions of brilliance
 t - a potion of magic {unknown}
 x - a potion of haste {unknown}
 z - 2 potions of curing


   Skills:
 * Level 8.0 Fighting
 * Level 0.5 Long Blades
 + Level 4.7 Axes
 * Level 10.0 Staves
 + Level 4.6 Throwing
 + Level 5.7 Armour
 * Level 8.0 Dodging
 - Level 0.3 Stealth
 + Level 3.8 Invocations
 + Level 3.4 Evocations


You had 9 spell levels left.
You didn't know any spells.
Your spell library contained the following spells:

 Spells                   Type           Power      Damage    Failure   Level
 Apportation              Tloc           0%         N/A       83%         1
 Beastly Appendage        Tmut           0%         N/A       83%         1
 Wereblood                Tmut           0%         N/A       93%         2
 Lesser Beckoning         Tloc           0%         N/A       99%         3
 Spider Form              Tmut/Pois      0%         N/A       99%         3
 Tukima's Dance           Hex            0%         N/A       99%         3
 Ice Form                 Ice/Tmut       0%         N/A       100%        4
 Alistair's Intoxication  Tmut/Pois      0%         N/A       100%        5
 Hydra Form               Tmut           0%         N/A       100%        5
 Invisibility             Hex            0%         N/A       100%        6


Dungeon Overview and Level Annotations

Branches:
Dungeon (8/15)             Temple (1/1) D:5
   Lair: D:8-11

Altars:
Ashenzari
Cheibriados
Elyvilon
Fedhas
Hepliaklqana
Kikubaaqudgha
Makhleb
Nemelex Xobeh
Okawaru
Qazlal
Ru
Sif Muna
Trog
Uskayaw
Vehumet
Xom
Yredelemnul
Zin
The Shining One

Annotations:
D:5 2 transporters, Menkaure
D:8 Erica


Innate Abilities, Weirdness & Mutations

You have a pair of horns on your head.
You reflexively headbutt those who attack you in melee.


Message History

Unknown command.
You hit the orc priest.
Lightning courses through the orc priest!
You kill the orc priest!
Cheibriados appreciates the change of pace.
You hear a zap.
An iceblast appears from out of thin air!
The mass of ice explodes!
The iceblast engulfs you!
* * * LOW HITPOINT WARNING * * *
The iceblast engulfs something!
Your Dodging skill increases to level 8!
Unknown command.
Unknown command.
Unknown command.
You slash something! Your headbutt misses something.
You hear some strange, mumbled words.
A lance of force appears from out of thin air!
The lance of force misses you. Something hits you but does no damage.
You miss something. Your headbutt misses something.
Something completely misses you.
You feel better. Something hits you.
* * * LOW HITPOINT WARNING * * *
Something burns you.
* * * LOW HITPOINT WARNING * * *
You barely miss something. You headbutt something.
You hear some strange, mumbled words.
Something tries to affect you, but you resist.
You hear some strange, mumbled words.
A bolt of poison appears from out of thin air!
The bolt of poison hits you!
You are poisoned.
* * * LOW HITPOINT WARNING * * *
Unknown command.
You slash something! Your headbutt misses something.
* * * LOW HITPOINT WARNING * * *
You feel very sick.
You hear a zap.
An iceblast appears from out of thin air!
The mass of ice explodes!
The iceblast engulfs you!
You die...

#.# ...#.<. #.# .......
#.# ....... #.###
..).... #.(.#### .......
#......# .......
#.#.##.#######.......
##.#.##.##...†...#
.......)@{÷.#)#..#
##.##.#)##..##...#
##.##.##.#.#............
.......o†..##.#$#<.###..
.#.#.....)###....#.# #
#..##..# #@.....#
#........# ##...###
###...##.# ...# #... #.#


There were no monsters in sight!

Vanquished Creatures
  A cyclops (D:7)
  Maggie (D:8)
  Psyche (D:8)
  A troll (D:5)
  Grinder (D:6)
  Sigmund (D:6)
  A wyvern (D:7)
  A steam dragon (D:5)
  2 water moccasins
  An orc warrior (D:7)
  A black bear (D:5)
  An ice beast (D:6)
  2 sky beasts (D:6)
  4 necrophages
  4 ogres
  A centaur (D:7)
  A phantom (D:5)
  Blork the orc (D:6)
  5 bullfrogs
  5 scorpions
  A water moccasin zombie (D:5)
  A wyvern skeleton (D:7)
  2 water moccasin skeletons (D:5)
  3 howler monkeys (D:8)
  A vampire bat (D:3)
  A bullfrog zombie (D:7)
  A centaur zombie (D:5)
  A hound (D:6)
  A bullfrog skeleton (D:7)
  A gnoll shaman (D:5)
  8 orc priests
  3 centaur skeletons
  An iguana (D:4)
  5 orc wizards
  A killer bee zombie (D:6)
  A hound skeleton (D:4)
  3 howler monkey zombies
  7 adders
  4 white imps
  2 worms
  5 dart slugs
  3 fire bats (D:3)
  11 orcs
  2 spectral bats (D:3)
  14 bats
  3 bat skeletons (D:3)
  A bat zombie (D:3)
  5 endoplasms
  2 giant cockroaches (D:1)
  3 goblins
  2 hobgoblins
  13 jackals
  7 kobolds
  3 quokkas
  A ball python (D:2)
  A bat simulacrum (D:3)
  4 frilled lizards
  4 rats
168 creatures vanquished.

Vanquished Creatures (others)
  A scorpion (D:5)
1 creature vanquished.

Grand Total: 169 creatures vanquished

Notes
Turn   | Place    | Note
-------+----------+-------------------------------------------
     0 | D:1      | howech the Minotaur Gladiator began the quest for the Orb.
     0 | D:1      | Reached XP level 1. HP: 18/18 MP: 0/0
     6 | D:1      | Noticed a redback
     6 | D:1      | Noticed an eight-headed hydra
     6 | D:1      | Noticed a salamander
     7 | D:1      | Noticed a swamp worm
     7 | D:1      | Noticed a snapping turtle
   215 | D:1      | Reached XP level 2. HP: 23/25 MP: 1/1
   240 | D:1      | Found a faded altar of an unknown god.
   442 | D:1      | Reached skill level 4 in Staves
   671 | D:2      | Reached XP level 3. HP: 30/30 MP: 2/2
   929 | D:2      | Found a sparkling altar of Nemelex Xobeh.
  1379 | D:2      | Reached skill level 1 in Armour
  2246 | D:3      | Reached XP level 4. HP: 38/38 MP: 3/3
  2277 | D:3      | Reached skill level 5 in Staves
  2410 | D:3      | Reached XP level 5. HP: 45/45 MP: 4/4
  2550 | D:4      | Reached skill level 6 in Staves
  2968 | D:4      | Identified the ring "Tonoklil" {Str+4 Dex+6 Slay+3}
  3016 | D:4      | Reached XP level 6. HP: 48/51 MP: 5/5
  3312 | D:5      | Entered Level 5 of the Dungeon
  3321 | D:5      | Reached skill level 7 in Staves
  3331 | D:5      | Found a white marble altar of Elyvilon.
  3343 | D:5      | Reached XP level 7. HP: 50/59 MP: 6/6
  3507 | D:5      | Found a staircase to the Ecumenical Temple.
  3528 | Temple   | Entered the Ecumenical Temple
  3914 | Temple   | Became a worshipper of Cheibriados the Contemplative
  3953 | D:5      | Noticed a steam dragon
  3953 | D:5      | Noticed a troll
  3968 | D:5      | Killed a steam dragon
  4215 | D:5      | Reached skill level 5 in Dodging
  4272 | D:5      | Killed a troll
  4273 | D:5      | Reached skill level 1 in Axes
  4273 | D:5      | Reached skill level 1 in Invocations
  4273 | D:5      | Reached skill level 1 in Evocations
  4280 | D:5      | Reached XP level 8. HP: 47/67 MP: 7/7
  4304 | D:5      | Reached skill level 5 in Fighting
  4313 | D:5      | Reached skill level 8 in Staves
  4777 | D:5      | Found a burning altar of Makhleb.
  5155 | D:5      | Found a transporter.
  5155 | D:5      | Found a basalt altar of Yredelemnul.
  5157 | D:5      | Found a transporter.
  5178 | D:5      | Found an ancient bone altar of Kikubaaqudgha.
  5182 | D:5      | Noticed Menkaure
  5236 | D:5      | Reached * piety under Cheibriados
  5637 | D:6      | Noticed Grinder
  5646 | D:6      | Killed Grinder
  5647 | D:6      | Reached XP level 9. HP: 52/75 MP: 9/9
  6051 | D:6      | Noticed Blork the orc
  6055 | D:6      | Killed Blork the orc
  6056 | D:6      | Reached skill level 9 in Staves
  6123 | D:6      | Reached skill level 5 in Armour
  6169 | D:6      | Noticed Sigmund
  6175 | D:6      | Killed Sigmund
  6215 | D:7      | Reached ** piety under Cheibriados
  6547 | D:7      | Found a glowing silver altar of Zin.
  6574 | D:7      | Found a hide-covered altar of Uskayaw.
  7021 | D:7      | Noticed a cyclops
  7502 | D:7      | Reached XP level 10. HP: 86/86 MP: 11/11
  7516 | D:7      | Found a glowing golden altar of the Shining One.
  7843 | D:7      | Killed a cyclops
  8063 | D:8      | Noticed Psyche
  8077 | D:8      | Killed Psyche
  8200 | D:8      | Identified the +10 long sword of the Establishment {elec,
                  | Stlth+}
  8200 | D:8      | Noticed Maggie
  8223 | D:8      | Killed Maggie
  8454 | D:8      | Noticed Erica
  8456 | D:8      | Reached *** piety under Cheibriados
  8457 | D:8      | Reached skill level 10 in Staves
  8472 | D:8      | HP: 2/88 [poisoned by Erica (bolt of poison)]
  8472 | D:8      | Killed from afar by Erica

Illustrated notes

Levels and vault maps discovered:
D:1:      onia_arrival_zoo_common, layout_basic,
          hellmonk_ecumenical_altar_crossroads
D:2:      layout_basic, basic_altar
D:3:      layout_loops_ring, goddamned_bats
D:4:      layout_loops_ring
D:5:      minmay_clustersquares, layout_cave_pods, lemuel_doored_altar,
          lemuel_round_altar, gammafunk_temple_of_torment,
          minmay_temple_entry_tees, chequers_mini_garden,
          minmay_misc_feat_hallway
D:6:      layout_basic, uniq_sigmund, uniq_grinder, uniq_blork_the_orc
D:7:      layout_gridville, tso_oasis_becter, kennysheep_little_box,
          zin_scriptorium, minmay_misc_feat_chi, small_statue_intersection,
          minmay_misc_feat_square
D:8:      layout_loops_cross, nicolae_gozag_cash_rules_everything_around_me,
          amcnicky_altar_gilded, hangedman_decor_diamond_cutter,
          minmay_microvault, uniq_erica, uniq_maggie, uniq_psyche
Temple:   minmay_temple_forest_path

Skill      XL: |  1  2  3  4  5  6  7  8  9 10 |
---------------+-------------------------------+-----
Staves         | 4 5 6 7 8 9 10 | 10.0
Dodging        | 4 5 6 7 8 |  8.0
Armour         | 1 2 3 4 5 |  5.7
Fighting       | 3 4 6 7 8 |  8.0
Axes           | 1 3 4 |  4.7
Invocations    | 1 2 3 |  3.8
Evocations     | 1 2 3 |  3.4
Throwing       | 3 4 |  4.6
Long Blades    | |  0.5
Stealth        | |  0.3

Action                   |  1- 3 |  4- 6 |  7- 9 | 10-12 || total
-------------------------+-------+-------+-------+-------++-------
Melee: Quarterstaff      |    78 |   103 |   235 |    25 ||   441
       Headbutt          |     9 |    21 |    63 |    12 ||   105
       Long sword        |       |       |       |     9 ||     9
       Unarmed           |       |       |       |     4 ||     4
Throw: Throwing net      |     1 |     1 |     7 |       ||     9
       Dart              |       |       |     1 |    17 ||    18
  Use: Scroll            |       |     6 |     1 |       ||     7
       Potion            |       |     4 |       |     1 ||     5
 Stab: Held in net/web   |       |     1 |     2 |       ||     3
Armor: Leather armour    |     6 |       |       |       ||     6
       Chain mail        |    40 |    81 |   137 |    11 ||   269
Dodge: Dodged            |    42 |    53 |   129 |    15 ||   239

Table legend: (Time is in decaauts)
 A = Elapsed time spent in this place.
 B = Non-inter-level travel time spent in this place.
 C = Inter-level travel time spent in this place.
 D = Time resting spent in this place.
 E = Time spent auto-exploring this place.
 F = Levels seen in this place.
 G = Mean time per level.
                   A        B        C        D        E       F      G
               +--------+--------+--------+--------+--------+-----+--------+
         Total |   9271 |   9004 |    267 |   1504 |   5982 |   9 | 1030.1 |
       Dungeon |   8851 |   8617 |    234 |   1504 |   5599 |   8 | 1106.4 |
        Temple |    419 |    387 |     32 |      0 |    383 |   1 |  419.0 |
               +--------+--------+--------+--------+--------+-----+--------+

Top non-repeatable levels by time:
     D:7: 2196 daAuts
     D:5: 1864 daAuts
     D:6: 989 daAuts
     D:2: 928 daAuts
     D:3: 916 daAuts
     D:4: 807 daAuts
     D:1: 668 daAuts
     D:8: 481 daAuts
  Temple: 419 daAuts
